[Event "Titled Tuesday Blitz May 24 Late 2022"]
[White "Karttunen, Mika"]
[Black "Rasulov, Vugar"]
[WhiteFideId "502081"]
[BlackFideId "13402390"]
[WhiteElo "2343"]
[BlackElo "2560"]
[Result "0-1"]
[Round "02"]
[TimeControl "180+1"]
[Date "2022.05.24"]
[WhiteClock "0:00:10"]
[BlackClock "0:00:06"]

1. e4 c5 2. Nf3 Nc6 3. d4 cxd4 4. Nxd4 Nf6 5. Nc3 d6 6. Bg5 e6 7. f3 a6 8. Qd2 h6 9. Be3 Be7 10. O-O-O Qc7 11. g4 Ne5 12. h4 b5 13. a3 Rb8 14. Kb1 Nfd7 15. f4 Nxg4 16. f5 Nde5 17. fxe6 fxe6 18. Bf4 O-O 19. Rg1 Bf6 20. Be2 h5 21. Bxe5 dxe5 22. Nb3 Rd8 23. Qc1 Bb7 24. Bxg4 hxg4 25. Rxg4 Rxd1 26. Qxd1 Rd8 27. Qg1 Qf7 28. Nc5 Bc8 29. Nd3 Bd7 30. Qg3 Qh5 31. Nc5 Bc8 32. Nd3 Kf7 33. Qg1 Bd7 34. Nc5 Bc8 35. Nd3 Kg8 36. Qg3 Kh7 37. Ka2 Rd4 38. Kb1 Bd7 39. Nc5 Bc8 40. Nd3 Rd6 41. Ka2 Rb6 42. Kb1 a5 43. Qg1 Rb7 44. Rg5 Bxg5 45. hxg5 b4 46. axb4 axb4 47. Na4 b3 48. c3 Rd7 49. Nac5 Rd8 50. Qe1 Qh2 51. Qd1 Ba6 52. Nxa6 Rxd3 53. Qxb3 Qg1+ 54. Ka2 Qxg5 55. Nb4 Rd6 56. Qc4 Qe7 57. Nd3 Qa7+ 58. Kb3 Qb6+ 59. Nb4 g5 60. Qe2 Kg6 61. Qg4 Qf2 62. Kc4 Qf4 63. Qg2 g4 64. Kc5 Rd2 65. Nc6 Rxg2 0-1


[Site "https://www.chess.com"]

[Event "Titled Tuesday Blitz May 24 Late 2022"]
[White "Keymer, Vincent"]
[Black "Golubev, Mikhail"]
[WhiteFideId "12940690"]
[BlackFideId "14100983"]
[WhiteElo "2548"]
[BlackElo "2374"]
[Result "1-0"]
[Round "02"]
[TimeControl "180+1"]
[Date "2022.05.24"]
[WhiteClock "0:00:20"]
[BlackClock "0:00:02"]

1. Nf3 d6 2. d4 Nf6 3. c4 g6 4. g3 Bg7 5. Bg2 O-O 6. Nc3 Nbd7 7. O-O e5 8. e4 Re8 9. h3 b6 10. Be3 exd4 11. Nxd4 Bb7 12. f3 d5 13. cxd5 Nxd5 14. Nxd5 Bxd5 15. Qd2 Ne5 16. b3 Bb7 17. f4 c5 18. Nb5 Qxd2 19. Bxd2 Rad8 20. Bc3 Ba6 21. a4 Nc6 22. e5 Nd4 23. Bxd4 cxd4 24. Rfd1 Bxb5 25. axb5 Re7 26. Bf1 g5 27. Kg2 gxf4 28. gxf4 Kf8 29. Bc4 Rc7 30. Rd3 f6 31. e6 f5 32. Kf3 Bf6 33. Rg1 Rg7 34. Rxg7 Kxg7 35. Rd1 Rc8 36. Ra1 Rc7 37. Rg1+ Kf8 38. Rg8+ Ke7 39. Ke2 1-0


[Site "https://www.chess.com"]

[Event "Titled Tuesday Blitz May 24 Late 2022"]
[White "Kim, Yoon-Young"]
[Black "Jobava, Baadur"]
[WhiteFideId "30908779"]
[BlackFideId "13601520"]
[WhiteElo "2109"]
[BlackElo "2617"]
[Result "0-1"]
[Round "02"]
[TimeControl "180+1"]
[Date "2022.05.24"]
[WhiteClock "0:00:02"]
[BlackClock "0:02:07"]

1. d4 c6 2. c4 d5 3. Nf3 Nf6 4. e3 Bg4 5. h3 Bxf3 6. Qxf3 e6 7. Nc3 Nbd7 8. Bd2 g6 9. g4 Bg7 10. cxd5 exd5 11. Bd3 O-O 12. g5 Ne8 13. h4 Nd6 14. O-O-O a5 15. Rdg1 a4 16. h5 a3 17. b3 c5 18. Qxd5 Nb6 19. Qf3 cxd4 20. exd4 Rc8 21. hxg6 hxg6 22. Qh3 Re8 23. Kb1 Bxd4 24. Bxg6 fxg6 25. Qh7+ Kf8 26. Qxg6 Qd7 27. Rh7 Qf5+ 28. Qxf5+ Nxf5 29. Nb5 Bg7 30. g6 Re2 31. Bb4+ Kg8 32. Rd1 0-1


[Site "https://www.chess.com"]

[Event "Titled Tuesday Blitz May 24 Late 2022"]
[White "Kobalia, Mikhail"]
[Black "Taichman, Ori"]
[WhiteFideId "4119150"]
[BlackFideId "2804069"]
[WhiteElo "2667"]
[BlackElo "2227"]
[Result "0-1"]
[Round "02"]
[TimeControl "180+1"]
[Date "2022.05.24"]
[WhiteClock "0:00:02"]
[BlackClock "0:00:18"]

1. e4 c5 2. Nf3 Nc6 3. Bb5 d6 4. O-O Bd7 5. Re1 Nf6 6. c3 a6 7. Bf1 Bg4 8. h3 Bxf3 9. Qxf3 g6 10. d3 Bg7 11. Be3 Nd7 12. Nd2 O-O 13. Qd1 b5 14. Nf3 b4 15. Qa4 bxc3 16. Qxc6 cxb2 17. Rab1 Ne5 18. Nxe5 Bxe5 19. Qa4 Qb6 20. Red1 Bc3 21. d4 Rfd8 22. Rd3 Qb4 23. Qxb4 cxb4 24. Rdd1 a5 25. d5 a4 26. Bb5 Rdb8 27. Bc6 Ra6 28. e5 a3 29. exd6 exd6 30. Bd2 b3 31. Bxc3 bxa2 32. Ra1 b1=Q 0-1


[Site "https://www.chess.com"]

[Event "Titled Tuesday Blitz May 24 Late 2022"]
[White "Kohler, Aran"]
[Black "Manukyan, Sargis A."]
[WhiteFideId "1002856"]
[BlackFideId "13303970"]
[WhiteElo "2241"]
[BlackElo "2187"]
[Result "0-1"]
[Round "02"]
[TimeControl "180+1"]
[Date "2022.05.25"]
[WhiteClock "0:00:08"]
[BlackClock "0:00:42"]

1. e4 c5 2. Nf3 d6 3. d4 cxd4 4. Nxd4 Nf6 5. Nc3 g6 6. Be2 Bg7 7. h4 O-O 8. h5 Nc6 9. h6 Bh8 10. Nb3 Be6 11. Be3 d5 12. exd5 Nxd5 13. Nxd5 Bxd5 14. Bf3 Bxf3 15. Qxf3 Bxb2 16. Rd1 Bc3+ 17. Kf1 Qc8 18. Rh4 Rd8 19. Rc4 Rxd1+ 20. Qxd1 Bf6 21. Qf3 Qe6 22. Re4 Qd7 23. Nc5 Qd5 24. c4 Qd8 25. Nxb7 Qc7 26. Nc5 Rb8 27. Bc1 Ne5 28. Qe3 Rb1 29. Ke2 Rxc1 30. Qxc1 Qxc5 31. Qe3 Qa5 32. f4 Qxa2+ 33. Kf1 Ng4 34. Qc5 Qb1+ 35. Re1 Qd3+ 36. Kg1 Bd4+ 37. Qxd4 Qxd4+ 38. Kh1 Qf2 39. Rd1 Qh4+ 40. Kg1 Qh2+ 41. Kf1 Ne3+ 0-1


[Site "https://www.chess.com"]

[Event "Titled Tuesday Blitz May 24 Late 2022"]
[White "Kopczynski, Michal"]
[Black "Rostovtsev, Dmitry"]
[WhiteFideId "1124200"]
[BlackFideId "34278320"]
[WhiteElo "2235"]
[BlackElo "2274"]
[Result "0-1"]
[Round "02"]
[TimeControl "180+1"]
[Date "2022.05.25"]
[WhiteClock "0:00:01"]
[BlackClock "0:00:18"]

1. e4 e5 2. Nf3 Nc6 3. Bb5 a6 4. Ba4 Nf6 5. O-O Be7 6. Re1 b5 7. Bb3 O-O 8. a4 Rb8 9. axb5 axb5 10. c3 d6 11. h3 Be6 12. d4 Bxb3 13. Qxb3 exd4 14. cxd4 Re8 15. Nc3 b4 16. Nd5 Qd7 17. Nf4 Bf8 18. Qd3 d5 19. e5 Ne4 20. Nd2 b3 21. f3 Nxd4 22. fxe4 Nc2 23. Nxd5 Qe6 24. Rf1 Nxa1 25. Nf3 h6 26. Kh1 Red8 27. Qe2 c6 28. Nf4 Qd7 29. Nh5 Qd3 30. Qf2 Qxe4 31. Qg3 Qg6 32. Qh4 Nc2 33. Nf4 Qe4 34. Qg3 Nd4 35. Nh4 Nf5 36. Qg4 Nxh4 37. Qxh4 Qc2 38. Nh5 Rd1 39. Rxd1 Qxd1+ 40. Kh2 Qxc1 41. Nf6+ gxf6 42. exf6 Qg5 43. Qe4 Bd6+ 44. Kh1 Qxf6 45. Qg4+ Kh8 46. g3 Rg8 47. Qh5 Qf1+ 48. Kh2 Bxg3# 0-1


[Site "https://www.chess.com"]

[Event "Titled Tuesday Blitz May 24 Late 2022"]
[White "Koutlas, Nikolaos"]
[Black "Lopez Idarraga, Daniel Eduardo"]
[WhiteFideId "25827138"]
[BlackFideId "4405501"]
[WhiteElo "1645"]
[BlackElo "2059"]
[Result "1-0"]
[Round "02"]
[TimeControl "180+1"]
[Date "2022.05.25"]
[WhiteClock "0:01:21"]
[BlackClock "0:01:49"]

1. Nc3 d5 2. d4 Nf6 3. Bg5 e6 4. e4 dxe4 5. Nxe4 Be7 6. Bxf6 gxf6 7. Nf3 f5 8. Ng3 c5 9. c3 cxd4 10. Qxd4 Qxd4 11. Nxd4 Bd7 12. O-O-O Nc6 13. Bb5 Rc8 14. Bxc6 Bxc6 15. Nxc6 Rxc6 16. Ne2 Bf6 17. g3 Ke7 18. Nd4 Bxd4 19. Rxd4 h5 20. Rhd1 Rc7 21. Rh4 Kf6 22. Rd6 Kg6 23. Rhd4 h4 24. gxh4 Kf6 25. Kd2 Rh7 26. Rd7 Rxd7 27. Rxd7 Rxh4 28. Rxb7 Rxh2 29. Ke2 a5 30. Ra7 e5 31. Ra6+ Kg5 32. Rxa5 e4 33. Ra7 Kf4 34. Re7 Rh1 35. a4 Rb1 36. Rb7 Ke5 37. a5 f4 38. Rb5+ Kd6 39. a6 f5 40. a7 Ra1 41. Rxf5 Rxa7 42. Rxf4 Ke5 43. Ke3 Ra4 44. f3 1-0


[Site "https://www.chess.com"]

[Event "Titled Tuesday Blitz May 24 Late 2022"]
[White "Kowalysko, Roman"]
[Black "Turutin, Alexander"]
[WhiteFideId "30918510"]
[BlackFideId "4180623"]
[WhiteElo "2174"]
[BlackElo "2402"]
[Result "0-1"]
[Round "02"]
[TimeControl "180+1"]
[Date "2022.05.25"]
[WhiteClock "0:01:27"]
[BlackClock "0:01:39"]

1. e4 c5 2. Nf3 e6 3. d4 cxd4 4. Nxd4 Nc6 5. Nc3 a6 6. Be2 Qc7 7. O-O Nf6 8. Be3 b5 9. Re1 Bb7 10. f3 b4 11. Na4 Rb8 12. Qd2 Bd6 13. Nb6 Bxh2+ 14. Kh1 Bg3 15. Red1 O-O 16. Nxc6 Bxc6 17. Nc4 d5 18. exd5 exd5 19. Nb6 Rxb6 20. Bxb6 Qxb6 21. Qd4 Qxd4 22. Rxd4 a5 23. a3 Be5 24. c3 Bxd4 25. cxd4 Rb8 26. axb4 axb4 27. Ra6 Bd7 28. Ra7 Kf8 29. b3 Bf5 30. f4 Bc2 31. Bh5 Nxh5 32. Rxf7+ Kxf7 33. g4 Bxb3 34. gxh5 Bc2 35. h6 Be4+ 36. Kh2 gxh6 37. Kg3 b3 38. Kg4 b2 39. f5 b1=Q 40. f6 Qg1+ 41. Kf4 Qf2+ 42. Ke5 Qh2# 0-1


[Site "https://www.chess.com"]

[Event "Titled Tuesday Blitz May 24 Late 2022"]
[White "Krallis, Christos"]
[Black "Joubert, Dantelle"]
[WhiteFideId "4298896"]
[BlackFideId "14310813"]
[WhiteElo "2234"]
[BlackElo "1507"]
[Result "1-0"]
[Round "02"]
[TimeControl "180+1"]
[Date "2022.05.25"]
[WhiteClock "0:00:31"]
[BlackClock "0:00:33"]

1. e4 e5 2. Nf3 Nc6 3. d4 exd4 4. Nxd4 Nf6 5. Nc3 Bb4 6. Nxc6 bxc6 7. Bd3 O-O 8. O-O d5 9. exd5 cxd5 10. Qf3 c6 11. Bg5 h6 12. Bxf6 Qxf6 13. Qxf6 gxf6 14. Ne2 a5 15. c3 Bd6 16. Nd4 Bd7 17. Bf5 Be8 18. f4 a4 19. Rf3 Rb8 20. Rb1 c5 21. Nc2 Bc6 22. Rbf1 Rfe8 23. Ne3 h5 24. Rg3+ Kf8 25. Bh7 Rxb2 26. Nf5 1-0


[Site "https://www.chess.com"]

[Event "Titled Tuesday Blitz May 24 Late 2022"]
[White "Krstulovic, Alex"]
[Black "Haas, Michael"]
[WhiteFideId "760056"]
[BlackFideId "1629514"]
[WhiteElo "2193"]
[BlackElo "1982"]
[Result "1-0"]
[Round "02"]
[TimeControl "180+1"]
[Date "2022.05.25"]
[WhiteClock "0:01:21"]
[BlackClock "0:00:01"]

1. e4 e6 2. d4 d5 3. e5 c5 4. c3 Nc6 5. Nf3 Qb6 6. Be2 cxd4 7. cxd4 Bd7 8. Nc3 Nh6 9. Bxh6 gxh6 10. Qd2 Bg7 11. O-O O-O 12. b4 Nxb4 13. Rfe1 a5 14. Rab1 Qc7 15. a3 Na6 16. Bd3 f5 17. exf6 Rxf6 18. Ne2 Raf8 19. Ng3 b5 20. Bxb5 Bxb5 21. Rxb5 Qc4 22. Rb7 R6f7 23. Rxf7 Rxf7 24. Nh5 Rc7 25. h4 Qc3 26. Qf4 Rf7 27. Qg4 Nc7 28. Rb1 Na6 29. Qxe6 Bxd4 30. Qc8+ Rf8 31. Qxa6 Qc1+ 32. Rxc1 1-0


[Site "https://www.chess.com"]

[Event "Titled Tuesday Blitz May 24 Late 2022"]
[White "Kujawski, Adam"]
[Black "Pershin, Denis"]
[WhiteFideId "1100920"]
[BlackFideId "24165506"]
[WhiteElo "1982"]
[BlackElo "2275"]
[Result "0-1"]
[Round "02"]
[TimeControl "180+1"]
[Date "2022.05.25"]
[WhiteClock "0:00:03"]
[BlackClock "0:01:24"]

1. e4 d6 2. d4 Nf6 3. Nc3 g6 4. h3 Bg7 5. Nf3 O-O 6. Be3 c6 7. a4 Qa5 8. Qd2 Nbd7 9. Be2 e5 10. dxe5 Nxe5 11. O-O Nxf3+ 12. Bxf3 Rd8 13. Rfd1 Be6 14. Ne2 Qc7 15. Nf4 Qe7 16. Re1 Rd7 17. b3 d5 18. exd5 Nxd5 19. Nxd5 Bxd5 20. Bd4 Be6 21. c3 c5 22. Rxe6 Qxe6 23. Re1 Qd6 24. Bg4 Rdd8 0-1


[Site "https://www.chess.com"]

[Event "Titled Tuesday Blitz May 24 Late 2022"]
[White "Livaic, Leon"]
[Black "Avramidou, Anastasia"]
[WhiteFideId "14531534"]
[BlackFideId "4239873"]
[WhiteElo "2540"]
[BlackElo "2183"]
[Result "1-0"]
[Round "02"]
[TimeControl "180+1"]
[Date "2022.05.24"]
[WhiteClock "0:00:47"]
[BlackClock "0:00:02"]

1. d4 Nf6 2. c4 e6 3. g3 c5 4. d5 exd5 5. cxd5 d6 6. Bg2 g6 7. Nc3 Bg7 8. Nf3 O-O 9. O-O Qe7 10. Bf4 a6 11. a4 Nbd7 12. Re1 Nh5 13. Bg5 f6 14. Bd2 f5 15. Ng5 Ne5 16. Ne6 Bxe6 17. dxe6 Nf6 18. Nd5 Nxd5 19. Bxd5 Kh8 20. Bc3 Rac8 21. Qb3 Nc6 22. Rad1 Bxc3 23. bxc3 Nd8 24. Qb6 Nxe6 25. Bxe6 Qxe6 26. Rxd6 Qe7 27. Red1 Rc7 28. e3 Rfc8 29. c4 Kg8 30. a5 Qf7 31. Rd8+ Rxd8 32. Rxd8+ Kg7 33. Qb2+ Kh6 34. Qd2 Qxc4 35. e4+ Kh5 36. h4 Re7 37. Qg5# 1-0


[Site "https://www.chess.com"]

[Event "Titled Tuesday Blitz May 24 Late 2022"]
[White "Lodici, Lorenzo"]
[Black "Yaksin, Oleg"]
[WhiteFideId "884189"]
[BlackFideId "24105880"]
[WhiteElo "2265"]
[BlackElo "2256"]
[Result "1-0"]
[Round "02"]
[TimeControl "180+1"]
[Date "2022.05.24"]
[WhiteClock "0:00:08"]
[BlackClock "0:00:06"]

1. c4 e5 2. Nc3 Nc6 3. Nf3 Bb4 4. Nd5 Be7 5. e4 Bc5 6. Nxe5 Bxf2+ 7. Kxf2 Nxe5 8. d4 Ng6 9. Qf3 c6 10. Ne3 d6 11. Bd3 Nf6 12. Nf5 O-O 13. h4 h5 14. Bg5 c5 15. Bxf6 Qxf6 16. Nh6+ Kh7 17. Qxf6 gxf6 18. Nf5 cxd4 19. Rad1 Ne5 20. Be2 Bxf5 21. exf5 d3 22. Bxd3 Rac8 23. b3 Ng4+ 24. Kf3 Rfe8 25. Rhe1 Re5 26. Rxe5 Nxe5+ 27. Kf4 Rg8 28. Be4 Rg4+ 29. Ke3 Rxh4 30. Rxd6 Kg7 31. Bxb7 Rh1 32. Rd2 Ng4+ 33. Ke2 Ra1 34. c5 Rc1 35. b4 Ne5 36. a3 Rc3 37. Ra2 Nc4 38. a4 Ne5 39. Bd5 Rd3 40. Rd2 Rc3 41. c6 h4 42. b5 Rc5 43. Be4 Kf8 44. Rc2 Rxc2+ 45. Bxc2 Ke7 46. Bb3 Kd6 47. Ke3 Ng4+ 48. Kf4 Ne5 49. a5 Kc7 50. Bd5 Nd3+ 51. Kg4 Nb4 52. Be4 Na2 53. Kxh4 Nc3 54. Bd3 a6 55. b6+ Kxc6 56. Bxa6 Nd5 57. g3 Ne3 58. Bd3 Kb7 59. Kh5 Nd5 60. Kh6 Nb4 61. Bb5 Nd5 62. Kg7 Ne3 63. Bd3 Ng2 64. Kxf6 Nf4 65. gxf4 1-0


[Site "https://www.chess.com"]

[Event "Titled Tuesday Blitz May 24 Late 2022"]
[White "Lopez Gracia, Fernando"]
[Black "Barp, Alberto"]
[WhiteFideId "2207184"]
[BlackFideId "872555"]
[WhiteElo "2411"]
[BlackElo "2229"]
[Result "0-1"]
[Round "02"]
[TimeControl "180+1"]
[Date "2022.05.25"]
[WhiteClock "0:00:17"]
[BlackClock "0:00:13"]

1. c4 c5 2. Nf3 Nc6 3. Nc3 Nf6 4. d4 cxd4 5. Nxd4 d6 6. e4 Bd7 7. Be2 Rc8 8. Be3 a6 9. O-O e6 10. Rc1 Be7 11. Nc2 O-O 12. Qd2 Qa5 13. Rfd1 Rfd8 14. b3 Be8 15. Qe1 Qc7 16. Na4 Qb8 17. Nb6 Rc7 18. f3 h6 19. Qf2 Nd7 20. Nxd7 Rdxd7 21. Bb6 Rc8 22. Rd2 Bd8 23. Rcd1 Bxb6 24. Qxb6 Rcd8 25. Ne3 Na7 26. c5 Nc8 27. Qa5 Qa7 28. b4 Qb8 29. Kf2 Kh7 30. f4 Ne7 31. cxd6 Rxd6 32. Qxd8 Rxd8 33. Rxd8 Qxf4+ 34. Bf3 Bc6 35. g3 Qf6 36. Ng4 Qb2+ 37. R1d2 Qxb4 38. R8d4 Qc5 39. Ke2 Ng6 40. h4 Ne5 41. Nxe5 Qxe5 42. Kf2 Qc5 43. Kg2 Qc3 44. R4d3 Qe5 45. Rd4 a5 46. Kf2 g5 47. hxg5 hxg5 48. Rc4 Kg7 49. Rcd4 Qc5 50. Ke2 Bb5+ 51. Ke1 Kf6 52. e5+ Qxe5+ 53. Re4 Qxg3+ 54. Rf2 Qg1+ 55. Rf1 Qxf1+ 0-1


[Site "https://www.chess.com"]

[Event "Titled Tuesday Blitz May 24 Late 2022"]
[White "Mangialardo, Tiago Carvalho"]
[Black "Ronka, Erik"]
[WhiteFideId "2130718"]
[BlackFideId "505080"]
[WhiteElo "2154"]
[BlackElo "2264"]
[Result "0-1"]
[Round "02"]
[TimeControl "180+1"]
[Date "2022.05.25"]
[WhiteClock "0:00:02"]
[BlackClock "0:00:29"]

1. e4 e5 2. Nf3 Nc6 3. d4 exd4 4. Nxd4 Nf6 5. Nc3 Bb4 6. Nxc6 bxc6 7. Bd3 d5 8. exd5 cxd5 9. Bd2 O-O 10. O-O Bg4 11. Be2 Be6 12. Bf3 Rb8 13. a3 Bd6 14. Rb1 h6 15. Be3 c5 16. Ne2 Qc7 17. h3 Rfe8 18. Qd2 d4 19. Bf4 Bd5 20. Bxd5 Nxd5 21. Bxd6 Qxd6 22. c3 Qa6 23. Rfe1 d3 24. Nf4 Nxf4 25. Qxf4 c4 26. Qd4 Rbd8 0-1


[Site "https://www.chess.com"]

[Event "Titled Tuesday Blitz May 24 Late 2022"]
[White "Maranhao,Jose Renato Ruiz"]
[Black "Roux, Baptiste"]
[WhiteFideId "2135175"]
[BlackFideId "36017450"]
[WhiteElo "1970"]
[BlackElo "1935"]
[Result "0-1"]
[Round "02"]
[TimeControl "180+1"]
[Date "2022.05.25"]
[WhiteClock "0:00:07"]
[BlackClock "0:00:33"]

1. g3 g6 2. Bg2 Bg7 3. c4 e5 4. Nc3 Nc6 5. b3 d6 6. Bb2 Nf6 7. Nf3 O-O 8. O-O Be6 9. e3 Qc8 10. Re1 Bh3 11. Bh1 Ng4 12. Ng5 Nh6 13. Nd5 Bd7 14. d4 f6 15. Nf3 Bg4 16. dxe5 fxe5 17. e4 Qd7 18. Re3 Nd4 19. Qd3 Qf7 20. Nxc7 Qxc7 21. Nxd4 exd4 22. Bxd4 Qf7 23. Rf1 Rae8 24. Bxg7 Qxg7 25. Qxd6 Nf7 26. Qc7 Re6 27. Qxb7 Rf6 28. e5 Rf5 29. e6 Ng5 30. Qxg7+ Kxg7 31. e7 Nh3+ 32. Kg2 Rxf2+ 33. Rxf2 Rxf2# 0-1


[Site "https://www.chess.com"]

[Event "Titled Tuesday Blitz May 24 Late 2022"]
[White "Marin Ramirez, Gerardo"]
[Black "Baches Garcia, Guillermo"]
[WhiteFideId "3901068"]
[BlackFideId "2209764"]
[WhiteElo "1920"]
[BlackElo "2468"]
[Result "0-1"]
[Round "02"]
[TimeControl "180+1"]
[Date "2022.05.25"]
[WhiteClock "0:00:28"]
[BlackClock "0:00:43"]

1. d4 Nf6 2. c4 e6 3. Nf3 d5 4. Nc3 c5 5. cxd5 Nxd5 6. e4 Nxc3 7. bxc3 cxd4 8. cxd4 Bb4+ 9. Bd2 Bxd2+ 10. Qxd2 O-O 11. Bd3 Nc6 12. Qc3 Qd6 13. O-O-O Bd7 14. Kb1 Rac8 15. e5 Qe7 16. Qb2 Nb4 17. Be4 Bc6 18. Bxc6 Rxc6 19. Rd2 Rfc8 20. Rhd1 Rb6 21. Ka1 Nd5 22. Rc2 Rd8 23. Qc1 h6 24. Rd3 Nb4 25. Qa3 Nxc2# 0-1


[Site "https://www.chess.com"]

[Event "Titled Tuesday Blitz May 24 Late 2022"]
[White "Matinian, Nikita"]
[Black "Romero Ruscalleda, Josep"]
[WhiteFideId "24129100"]
[BlackFideId "2231859"]
[WhiteElo "2422"]
[BlackElo "2327"]
[Result "1-0"]
[Round "02"]
[TimeControl "180+1"]
[Date "2022.05.25"]
[WhiteClock "0:02:22"]
[BlackClock "0:00:38"]

1. e4 g6 2. d4 Bg7 3. Nc3 d6 4. Be3 a6 5. g4 b5 6. Bg2 Bb7 7. h4 h5 8. g5 Nd7 9. f4 e6 10. a3 Ne7 11. Nge2 Rc8 12. Ng3 Nb6 13. O-O Nc4 14. Qe2 Nxe3 15. Qxe3 c6 16. f5 gxf5 17. exf5 Nd5 18. Nxd5 cxd5 19. fxe6 O-O 20. e7 Qe8 21. exf8=Q+ 1-0


[Site "https://www.chess.com"]

[Event "Titled Tuesday Blitz May 24 Late 2022"]
[White "Medeiros Jr, Francisco De Assis"]
[Black "Diaz Rosas, Julio Cesar"]
[WhiteFideId "2114267"]
[BlackFideId "5105099"]
[WhiteElo "2003"]
[BlackElo "2278"]
[Result "0-1"]
[Round "02"]
[TimeControl "180+1"]
[Date "2022.05.25"]
[WhiteClock "0:00:58"]
[BlackClock "0:01:28"]

1. d4 d5 2. c4 e6 3. Nf3 a6 4. cxd5 exd5 5. Nc3 Nf6 6. Bg5 c6 7. e3 Bd6 8. Bd3 Nbd7 9. O-O O-O 10. Rc1 Re8 11. Qc2 Nf8 12. Rfd1 Ng6 13. e4 dxe4 14. Nxe4 Be7 15. Nc5 Nd5 16. Bxe7 Rxe7 17. Bxg6 hxg6 18. Ne5 Re8 19. Qc4 Qg5 20. Ne4 Qe7 21. Re1 Be6 22. Nc5 Qg5 23. Ne4 Qh4 24. Nf3 Qf4 25. Neg5 Bg4 26. h3 Bxf3 27. Nxf3 Rad8 28. a3 g5 29. Qb3 g4 30. hxg4 Qxg4 31. Ne5 Qxd4 32. Rcd1 Qb6 33. Qf3 Nf6 34. Nc4 Rxe1+ 35. Rxe1 Qd4 36. Ne5 Qxb2 37. g4 Re8 38. Qg3 Ne4 39. Rxe4 Qb1+ 0-1


[Site "https://www.chess.com"]

[Event "Titled Tuesday Blitz May 24 Late 2022"]
[White "Melikhov, Evgeny V."]
[Black "Stoleriu, George"]
[WhiteFideId "4122046"]
[BlackFideId "1227505"]
[WhiteElo "1931"]
[BlackElo "2194"]
[Result "1-0"]
[Round "02"]
[TimeControl "180+1"]
[Date "2022.05.25"]
[WhiteClock "0:00:34"]
[BlackClock "0:00:12"]

1. d4 e6 2. c4 Nf6 3. Nc3 Bb4 4. Qc2 O-O 5. e4 d5 6. e5 Ne4 7. Bd3 c5 8. Nf3 cxd4 9. Nxd4 Nd7 10. Bf4 Qh4 11. g3 Qh5 12. O-O g5 13. cxd5 Bxc3 14. bxc3 exd5 15. e6 gxf4 16. exd7 Bxd7 17. Bxe4 dxe4 18. Qxe4 fxg3 19. hxg3 b6 20. Rfe1 Rac8 21. Qb7 Bg4 22. Re3 Rfd8 23. Rae1 Rd6 24. Re5 Qg6 25. Re8+ Rxe8 26. Rxe8+ Kg7 27. Qb8 Qb1+ 28. Kg2 Bh3+ 29. Kh2 Rh6 30. Rg8+ Kf6 31. Qf4+ Bf5+ 32. Qxh6+ Ke5 33. Qf4+ 1-0


[Site "https://www.chess.com"]

[Event "Titled Tuesday Blitz May 24 Late 2022"]
[White "Mikhalsky, Vladimir"]
[Black "Svane, Rasmus"]
[WhiteFideId "14144352"]
[BlackFideId "4657101"]
[WhiteElo "2301"]
[BlackElo "2674"]
[Result "0-1"]
[Round "02"]
[TimeControl "180+1"]
[Date "2022.05.25"]
[WhiteClock "0:01:03"]
[BlackClock "0:02:26"]

1. d4 Nf6 2. c4 e6 3. g3 d5 4. Bg2 Bb4+ 5. Bd2 Be7 6. Qc2 O-O 7. Nf3 c6 8. O-O Nbd7 9. Nc3 dxc4 10. a4 Re8 11. e4 e5 12. dxe5 Ng4 13. Bf4 Qa5 14. e6 fxe6 15. Bh3 Nde5 16. Nxe5 Nxe5 17. Ne2 Bf6 18. Bd2 Qxd2 19. Qxd2 Nf3+ 20. Kg2 Nxd2 21. Rfd1 Nxe4 0-1


[Site "https://www.chess.com"]

[Event "Titled Tuesday Blitz May 24 Late 2022"]
[White "Miszler, Levente"]
[Black "Tarigan, Gilbert Elroy"]
[WhiteFideId "763276"]
[BlackFideId "7108133"]
[WhiteElo "1966"]
[BlackElo "1908"]
[Result "0-1"]
[Round "02"]
[TimeControl "180+1"]
[Date "2022.05.25"]
[WhiteClock "0:00:01"]
[BlackClock "0:00:06"]

1. Nf3 f6 2. d4 d5 3. Nc3 Nc6 4. e4 e6 5. exd5 exd5 6. Bb5 Ne7 7. O-O a6 8. Ba4 Bg4 9. h3 Bh5 10. Re1 Qd7 11. Bf4 O-O-O 12. a3 g5 13. Bg3 Nf5 14. Qd3 Bg6 15. Qe2 Nxg3 16. fxg3 Bg7 17. b4 Rhe8 18. Qf2 Rxe1+ 19. Rxe1 Re8 20. b5 Rxe1+ 21. Qxe1 axb5 22. Bxb5 Qd6 23. Na4 Be4 24. Nc5 f5 25. c3 h6 26. Nd2 Nd8 27. g4 c6 28. Bf1 b6 29. Nd3 Qxa3 30. gxf5 Bxd3 31. Bxd3 Qxc3 32. Ba6+ Kd7 33. Qe2 Bxd4+ 34. Kh1 Qe3 35. Qd1 b5 36. Nf3 Be5 37. Bxb5 cxb5 38. Qxd5+ Bd6 39. Qxb5+ Nc6 40. Qb1 h5 41. f6 g4 42. hxg4 hxg4 43. Qh7+ Kd8 44. Qg8+ Kc7 45. Qxg4 Qc1+ 46. Ng1 Qh6+ 47. Nh3 Qxf6 48. Qf3 Qa1+ 49. Ng1 Qe5 50. g3 Nd4 0-1


[Site "https://www.chess.com"]

[Event "Titled Tuesday Blitz May 24 Late 2022"]
[White "Moral Garcia, Serafin"]
[Black "Lopez Perdomo, Juan David"]
[WhiteFideId "2201925"]
[BlackFideId "4405137"]
[WhiteElo "2228"]
[BlackElo "1997"]
[Result "0-1"]
[Round "02"]
[TimeControl "180+1"]
[Date "2022.05.25"]
[WhiteClock "0:00:37"]
[BlackClock "0:00:24"]

1. e4 e6 2. d4 d5 3. Nd2 dxe4 4. Nxe4 Bd7 5. Nf3 Bc6 6. Bd3 Be7 7. O-O Nd7 8. c4 Ngf6 9. Nc3 b6 10. Qe2 O-O 11. Bg5 Re8 12. Rad1 Bb7 13. Rfe1 Ng4 14. Bxe7 Qxe7 15. h3 Ngf6 16. Ne5 Nxe5 17. dxe5 Nd7 18. Bxh7+ Kxh7 19. Qd3+ Kg8 20. Qxd7 Qg5 21. g3 Qf5 22. Qxc7 Qf3 23. Nd5 Rab8 24. Rd4 exd5 25. Rf4 Qh5 26. e6 fxe6 27. Rxe6 dxc4 28. Rg4 Qf7 29. Rxe8+ Rxe8 30. Qxf7+ Kxf7 31. Kf1 Be4 32. Rf4+ Kg8 33. Ke1 Bd3+ 34. Kd2 Re2+ 35. Kc1 Rc2+ 36. Kd1 Rxb2 0-1


[Site "https://www.chess.com"]

[Event "Titled Tuesday Blitz May 24 Late 2022"]
[White "Motylev, Alexander"]
[Black "Villiers, Thomas"]
[WhiteFideId "4121830"]
[BlackFideId "427209"]
[WhiteElo "2470"]
[BlackElo "2164"]
[Result "1-0"]
[Round "02"]
[TimeControl "180+1"]
[Date "2022.05.25"]
[WhiteClock "0:01:49"]
[BlackClock "0:00:25"]

1. d4 Nf6 2. c4 c5 3. d5 e5 4. Nc3 Bd6 5. Nf3 O-O 6. e4 Re8 7. Bd3 Bc7 8. O-O Ba5 9. Ne2 d6 10. h3 Nbd7 11. Nh2 a6 12. Ng3 Rb8 13. Nf5 Nf8 14. Ng4 b5 15. Bg5 Bxf5 16. Bxf6 Bxg4 17. Bxd8 Bxd1 18. Bxa5 Bh5 19. Bc7 Rb7 20. Bxd6 bxc4 21. Bxc4 Rxb2 22. Rfb1 Rxb1+ 23. Rxb1 Bg6 24. f3 f5 25. exf5 Bxf5 26. Rb7 Nd7 27. Bxa6 Ra8 28. Bc4 Ra4 29. Bb5 Rb4 30. Bxd7 Rxb7 31. Bxf5 Ra7 32. Bxc5 Rxa2 33. d6 Rd2 34. d7 Kf7 35. Bb6 g6 36. d8=Q Rxd8 37. Bxd8 gxf5 38. f4 exf4 39. Kf2 Kg6 40. Kf3 Kf7 41. Kxf4 Kg6 42. g3 h6 43. Be7 Kh5 44. Bb4 Kg6 45. Be1 Kh5 46. Bf2 Kg6 47. Be3 Kh5 48. Kf3 Kg6 49. Bf4 Kh5 50. Ke3 Kg6 51. Kd4 h5 52. h4 Kf6 53. Kd5 Kf7 54. Ke5 Kg6 55. Ke6 Kg7 56. Kxf5 1-0


[Site "https://www.chess.com"]